 Dungeon Crawl Stone Soup version 0.22-a0-410-g97be04f (webtiles) character file.

189 4thArraOfDagon the Magician (level 5, -4/35 HPs)
             Began as a Mummy Fire Elementalist on May 11, 2018.
             Was an Initiate of Sif Muna.
             Killed by divine providence
             ... invoked by an orc priest
              (9 damage)
             ... on level 3 of the Dungeon.
             The game lasted 00:05:08 (1969 turns).

4thArraOfDagon the Magician (MuFE)                  Turns: 1969, Time: 00:05:09

Health: -4/35      AC:  3    Str: 12    XL:     5   Next: 40%
Magic:  1/10       EV: 12    Int: 15    God:    Sif Muna [......]
Gold:   114        SH:  0    Dex: 12    Spells: 3/11 levels left

rFire    x . .     SeeInvis .   d - +2 halberd (protect)
rCold    + . .     Gourm    .   (shield currently unavailable)
rNeg     + + +     Faith    .   a - +0 robe
rPois    ∞         Spirit   .   g - +0 helmet
rElec    .         Reflect  .   (no cloak)
rCorr    .         Harm     .   (no gloves)
MR       .....                  (no boots)
Stlth    ++........             (no amulet)
HPRegen  0.11/turn              (no ring)
MPRegen  0.12/turn              (no ring)

@: very slightly contaminated
A: no food or potions, fire vulnerability, cold resistance 1, negative energy
resistance 3, torment resistance, unbreathing
a: Renounce Religion


You were on level 3 of the Dungeon.
You worshipped Sif Muna.
Sif Muna was noncommittal.
You were not hungry.

You visited 1 branch of the dungeon, and saw 4 of its levels.

You collected 114 gold pieces.

Inventory:

Hand Weapons
 c - a +2 vampiric dagger
 d - a +2 halberd of protection (weapon)
Armour
 a - a +0 robe (worn)
 g - a +0 helmet (worn)
Scrolls
 b - 2 scrolls of identify
 f - a scroll of remove curse
 h - a scroll of enchant armour


   Skills:
 - Level 1.5 Dodging
 - Level 1.5 Stealth
 + Level 3.8 Spellcasting
 * Level 2.7 Conjurations
 * Level 3.6 Fire Magic
 + Level 0.5 Invocations


You had 3 spell levels left.
You knew the following spells:

 Your Spells              Type           Power        Failure   Level  Hunger
a - Flame Tongue          Conj/Fire      ##...        4%          1    N/A
b - Conjure Flame         Conj/Fire      ##......     14%         3    N/A
c - Sticky Flame          Conj/Fire      ##......     43%         4    N/A

Dungeon Overview and Level Annotations

Branches:
Dungeon (4/15)
 Temple: D:4-7

Altars:
Fedhas
Sif Muna
Trog


Innate Abilities, Weirdness & Mutations

You do not eat or drink.
Your flesh is vulnerable to fire.
You are immune to poison.
Your flesh is cold resistant. (rC+)
You are immune to negative energy. (rN+++)
You are immune to unholy pain and torment.
You can survive without breathing.


Message History

Unknown command.
Unknown command.
Okay, then.
As you read the scroll labeled WUTUEM LIDOAC, it crumbles to dust.
Your +2 halberd of protection glows shimmering orange for a moment.
It was a scroll of random uselessness.
The orc throws a poisoned tomahawk.
The poisoned tomahawk misses you.
Unknown command.
Casting: Sticky Flame (quite dangerous; 43% risk of failure)
Confirm with . or Enter, or press ? or * to list all spells.
Aiming: Flame Tongue (safe; 4% risk of failure)
Press: ? - help, Shift-Dir - straight line, f/p - orc priest
Aim: an orc priest, wielding a short sword of speed The flame tongue hits the orc priest.
The orc priest is heavily wounded.
The orc throws a poisoned tomahawk.
The poisoned tomahawk hits you but does no damage.
The orc priest mumbles some strange prayers to Beogh against you.
Beogh smites you!
You die...

....##......# ###...#..#..##)# ##
....##...(..# ##....###....####
............######....# ###...)..
....##...............## ###.#####
....##........##.o§§.####.)......
.############.#....§§§##..#..####
.# #....o###§§§§....(## # ##
#######..)..###§##§...### #
##._.........@o§§##.......#
####..####...#####§§...#.###.#
.#...####....# #####..... .#
.#.#####....## ..#.... .#
.........#.## ..###...# #
#..#######.# #.# #... #### #.#
#.# #.#


You could see an orc priest and an orc.

Vanquished Creatures
  Terence (D:2)
  A worker ant (D:4)
  6 adders
  An ooze (D:1)
  8 leopard geckos
  3 orcs (D:3)
  4 giant cockroaches
  9 goblins
  4 hobgoblins
  2 jackals (D:2)
  10 kobolds
  A quokka (D:2)
  A ball python (D:2)
  7 bats
  6 frilled lizards
  8 rats
72 creatures vanquished.

Notes
Turn   | Place    | Note
-------+----------+-------------------------------------------
     0 | D:1      | 4thArraOfDagon the Mummy Fire Elementalist began the quest for the Orb.
     0 | D:1      | Reached XP level 1. HP: 13/13 MP: 4/4
    76 | D:1      | Reached skill level 1 in Conjurations
   131 | D:1      | Reached XP level 2. HP: 12/19 MP: 3/5
   189 | D:2      | Noticed Terence
   261 | D:2      | Reached XP level 3. HP: 9/24 MP: 1/7
   266 | D:2      | Learned a level 3 spell: Conjure Flame
   498 | D:3      | Reached XP level 4. HP: 7/30 MP: 0/9
   507 | D:3      | Learned a level 4 spell: Sticky Flame
   530 | D:3      | Found a bloodstained altar of Trog.
   747 | D:4      | Found a deep blue altar of Sif Muna.
   755 | D:4      | Became a worshipper of Sif Muna the Loreminder
   881 | D:2      | Killed Terence
  1025 | D:1      | Reached XP level 5. HP: 24/35 MP: 7/10
  1774 | D:3      | Found a blossoming altar of Fedhas.
  1969 | D:3      | Killed from afar by an orc priest

Vault maps used:
D:1:      dpeg_arrival_solitude, minmay_pentomino_v2
D:2:      first_ration, uniq_terence
D:3:      overflow_temple_1_default, lightli_temple_of_fire,
          gammafunk_temple_overflow_elements, skrybe_limestone_x
D:4:      lemuel_crystal_altar, small_statue_intersection, uniq_duvessa

Skill      XL: |  1  2  3 |
---------------+----------+-----
Conjurations   | 1 2 |  2.7
Spellcasting   | 3 |  3.8
Fire Magic     | 3 |  3.6
Dodging        | |  1.5
Stealth        | |  1.5
Invocations    | |  0.5

Action                   |  1- 3 |  4- 6 || total
-------------------------+-------+-------++-------
Melee: Unarmed           |    15 |       ||    15
       Dagger            |     3 |       ||     3
       Halberd           |       |   115 ||   115
 Cast: Flame Tongue      |    37 |    27 ||    64
       Conjure Flame     |       |     3 ||     3
  Use: Scroll            |       |     6 ||     6
 Stab: Sleeping          |       |     7 ||     7
       Distracted        |       |     1 ||     1
Armor: Robe              |    11 |    22 ||    33
Dodge: Dodged            |    28 |    66 ||    94

Table legend:
 A = Spawn XP
 B = Non-spawn XP
 C = Spawn XP percentage of total XP
 D = Spawn monster count
 E = Non-spawn monster count
 F = Spawn count percentage of total count
 G = Total turns spent on level
                    A         B        C        D         E        F      G
               +---------+---------+-------+---------+---------+-------+---------
         Total |       0 |     270 |   0.0 |       0 |      72 |   0.0 |  1969
               +---------+---------+-------+---------+---------+-------+---------
           D:1 |       0 |      57 |   0.0 |       0 |      32 |   0.0 |   586
           D:2 |       0 |     108 |   0.0 |       0 |      22 |   0.0 |   661
           D:3 |       0 |      72 |   0.0 |       0 |      17 |   0.0 |   464
           D:4 |       0 |      33 |   0.0 |       0 |       1 |   0.0 |   258
               +---------+---------+-------+---------+---------+-------+---------
